 Dungeon Crawl Stone Soup version 0.27-a0-412-g8dd771eca2 (webtiles) character file.

Game seed: 17496850509072367137

1444 wakim the Stinger (level 8, 0/75 HPs)
             Began as an Octopode Venom Mage on Feb 23, 2021.
             Was a Follower of Uskayaw.
             Succumbed to a scorpion's poison
             ... on level 6 of the Dungeon.
             The game lasted 00:22:05 (8038 turns).

wakim the Stinger (Octopode Venom Mage)             Turns: 8038, Time: 00:22:05

Health: 0/75       AC: 24    Str:  9    XL:     8   Next: 74%
Magic:  15/15      EV:  2    Int: 18    God:    Uskayaw [*.....]
Gold:   261        SH:  5    Dex: 18    Spells: 7/17 levels left

rFire    + . .     SeeInvis .     - Unarmed
rCold    + . .     Faith    +   f - +0 buckler
rNeg     + + +     Spirit   .   (helmet currently unavailable)
rPois    +         Reflect  .   k - amulet of faith
rElec    +         Harm     .   s - +6 ring of dexterity
rCorr    +         Rampage  .   (no ring)
Will     .....     NoTele   +   (no ring)
Stlth    ++........             (no ring)
HPRegen  0.22/turn              (no ring)
MPRegen  0.14/turn              (no ring)
                                (no ring)
                                (no ring)

@: lethally poisoned (0 -> -4), tree-form, resistant
A: almost no armour, stealthy swim, (amphibious), 8 rings, (constrict 8)
a: Renounce Religion, Stomp


You were on level 6 of the Dungeon.
You worshipped Uskayaw.
Uskayaw was noncommittal.
You were a tree.
You visited 2 branches of the dungeon, and saw 7 of its levels.

You collected 261 gold pieces.

Inventory:

Armour
 f - a +0 buckler (worn)
Jewellery
 k - an amulet of faith (around neck)
 s - a +6 ring of dexterity (left branch)
Wands
 m - a wand of flame (23)
 t - a wand of acid (12)
Scrolls
 a - 3 scrolls of immolation {unknown}
 d - 5 scrolls of identify {unknown}
 h - a scroll of random uselessness {unknown}
 j - 2 scrolls of enchant armour {unknown}
 l - a scroll of amnesia
 p - a scroll of brand weapon {unknown}
 r - a scroll of magic mapping {unknown}
 v - a scroll of enchant weapon {unknown}
Potions
 b - 4 potions of lignification
 c - 2 potions of resistance
 e - a potion of mutation {unknown}
 g - a potion of cancellation {unknown}
 i - a potion of degeneration {unknown}
 n - a potion of attraction {unknown}
 o - a potion of experience {unknown}
 q - 2 potions of invisibility {unknown}
 u - a potion of magic {unknown}


   Skills:
 * Level 2.0 Fighting
 + Level 2.5 Dodging
 - Level 2.6 Stealth
 - Level 4.0 Shields
 * Level 4.0 Unarmed Combat
 - Level 5.0 Spellcasting
 + Level 4.0 Transmutations
 + Level 6.8 Poison Magic


You had 7 spell levels left.
You knew the following spells:

 Your Spells              Type           Power        Failure   Level
a - Sting                 Tmut/Pois      96%          1%          1
b - Poisonous Vapours     Pois/Air       32%          4%          2
c - Ignite Poison         Fire/Tmut/Pois 17%          9%          3
d - Olgreb's Toxic Radia  Pois           29%          9%          4

Your spell library contained the following spells:

 Spells                   Type           Power        Failure   Level
 Beastly Appendage        Tmut           36%          2%          1
 Wereblood                Tmut           18%          3%          2
 Spider Form              Tmut/Pois      12%          4%          3
 Mephitic Cloud           Conj/Pois/Air  12%          16%         3
 Ice Form                 Ice/Tmut       11%          50%         4
 Blade Hands              Tmut           9%           56%         5


Dungeon Overview and Level Annotations

Branches:
Dungeon (6/15)             Temple (1/1) D:6

Altars:
Ashenzari
Cheibriados
Elyvilon
Fedhas
Gozag
Hepliaklqana
Kikubaaqudgha
Makhleb
Nemelex Xobeh
Okawaru
Ru
Sif Muna
Trog
Uskayaw
Wu Jian
Xom
Yredelemnul
Zin
The Shining One

Annotations:
D:3 Sigmund


Innate Abilities, Weirdness & Mutations

You cannot wear most types of armour.
You are very stealthy in the water. (Stealth+)
((You are amphibious.))
You can wear up to eight rings at the same time.
((You can use your tentacles to constrict eight enemies at once.))
((Your skin changes colour to match your surroundings (Stealth+).))
((Your rubbery body absorbs attacks. (AC +1, EV +1)))


Message History

The scorpion is moderately wounded.
You constrict the scorpion.
You feel sick. The scorpion stings you!
* * * LOW HITPOINT WARNING * * *
You can now pass through a line of other dancers.
Casting: Poisonous Vapours (safe; 4% risk of failure)
Confirm with . or Enter, or press ? or * to list all spells.
Okay, then.
You release your grip on the scorpion.
* * * LOW HITPOINT WARNING * * *
You feel sick.
* * * LOW HITPOINT WARNING * * *
You feel sick.
Okay, then.
It was a potion of lignification.
You turn into a tree.
Your roots penetrate the ground.
You feel sick. The scorpion stings you.
* * * LOW HITPOINT WARNING * * *
You feel sick.
The scorpion stings you but does no damage.
You feel sick. You block the scorpion's attack.
You feel sick. The scorpion completely misses you.
You can no longer pass through a line of other dancers.
You feel sick. The scorpion completely misses you.
You feel sick.
The scorpion stings you but does no damage.
You feel sick. You block the scorpion's attack.
You feel sick. The scorpion stings you.
* * * LOW HITPOINT WARNING * * *
You feel sick. You block the scorpion's attack.
You feel sick. You block the scorpion's attack.
You feel sick. You block the scorpion's attack.
You feel sick.
The scorpion stings you but does no damage.
The scorpion stings you.
* * * LOW HITPOINT WARNING * * *
* * * LOW HITPOINT WARNING * * *
You feel sick.
The scorpion stings you but does no damage.
It was a potion of resistance.
You feel protected.
You die...

..##.........#
#.######...### #####.#
#...# # ..##.# #...#
##.###.##.# #...###
.......##.# #......
#.....######...###
#..#..............
#♣##>.............
[..#####s##..............
.........##.#######......
##..?....##.# #...###
##.#.......# #...# #
#.##.#### #...# #. #.#
#######...# .. ..#
#.........# ## ###
#.#####...#


You could see a scorpion.

Vanquished Creatures
  Duvessa (D:5)
  A sky beast (D:6)
  5 ogres
  2 centaurs (D:6)
  Dowan (D:5)
  An orc priest (D:3)
  3 hounds
  A jelly (D:5)
  2 bullfrog skeletons (D:6)
  Jessica (D:3)
  2 iguanas (D:4)
  2 orc wizards (D:4)
  2 worker ants
  3 gnolls (D:6)
  12 adders
  3 worms
  2 dart slugs
  5 leopard geckos
  4 orcs
  4 ball pythons
  10 giant cockroaches
  8 goblins
  5 hobgoblins
  6 jackals
  8 kobolds
  4 quokkas
  8 bats
  4 frilled lizards
  2 quokka skeletons
  A quokka zombie (D:6)
  3 rats
116 creatures vanquished.

Vanquished Creatures (others)
  8 plants (D:4)
8 creatures vanquished.

Grand Total: 124 creatures vanquished

Notes
Turn   | Place    | Note
-------+----------+-------------------------------------------
     0 | D:1      | wakim the Octopode Venom Mage began the quest for the Orb.
     0 | D:1      | Reached XP level 1. HP: 11/11 MP: 3/3
   156 | D:1      | Reached XP level 2. HP: 17/17 MP: 0/5
   626 | D:1      | Reached skill level 4 in Poison Magic
   748 | D:1      | Learned a level 2 spell: Poisonous Vapours
   792 | D:1      | Reached XP level 3. HP: 19/21 MP: 2/6
  1006 | D:1      | Learned a level 3 spell: Ignite Poison
  1919 | D:2      | Found an opulent altar of Gozag.
  2079 | D:2      | Reached skill level 1 in Unarmed Combat
  2084 | D:2      | Reached XP level 4. HP: 15/27 MP: 2/8
  3416 | D:3      | Reached skill level 1 in Shields
  3601 | D:3      | Noticed Jessica
  3606 | D:3      | Killed Jessica
  3607 | D:3      | Reached XP level 5. HP: 31/31 MP: 2/9
  3725 | D:2      | Learned a level 3 spell: Mephitic Cloud
  3736 | D:2      | Learned a level 4 spell: Olgreb's Toxic Radiance
  3878 | D:3      | Noticed Sigmund
  4069 | D:3      | Reached skill level 5 in Poison Magic
  4279 | D:3      | You fall into a shaft and drop 2 floors!
  4279 | D:5      | Entered Level 5 of the Dungeon
  4311 | D:5      | Noticed an ogre
  4388 | D:5      | Noticed Dowan
  4390 | D:5      | Noticed Duvessa
  4470 | D:4      | Reached XP level 6. HP: 25/36 MP: 6/11
  5027 | D:4      | Reached XP level 7. HP: 19/41 MP: 12/12
  5762 | D:5      | Killed Dowan
  5763 | D:5      | Reached skill level 6 in Poison Magic
  5769 | D:5      | Killed Duvessa
  6310 | D:5      | Found a glowing golden altar of the Shining One.
  6612 | D:5      | Reached XP level 8. HP: 46/46 MP: 3/15
  6896 | D:6      | Reached skill level 5 in Spellcasting
  7108 | D:6      | Reached skill level 1 in Fighting
  7573 | D:6      | Found a staircase to the Ecumenical Temple.
  7583 | Temple   | Entered the Ecumenical Temple
  7662 | Temple   | Became a worshipper of Uskayaw the Reveller
  7688 | D:6      | Reached * piety under Uskayaw
  7826 | D:6      | Reached ** piety under Uskayaw
  8036 | D:6      | HP: 2/75 [scorpion (5)]
  8038 | D:6      | Succumbed to a scorpion's poison

Illustrated notes

Levels and vault maps discovered:
D:1:      minmay_arrival_four_houses, layout_basic
D:2:      layout_loops_corners, grunt_gozag_breadcrumbs, minmay_tetromino_i2
D:3:      minmay_roachtagon, layout_rooms, uniq_sigmund, uniq_jessica
D:4:      layout_basic, cheibrodos_sewer_entry_bend, serial_bayou,
          serial_bayou_lagoon_a, serial_bayou_pond_a, serial_bayou_crossing,
          serial_bayou_ford_a, serial_bayou_shore_a, serial_bayou_pond_a,
          kennysheep_crisscross
D:5:      layout_rooms, nicolae_tso_carved_into_rock, uniq_duvessa
D:6:      layout_loops_cross, minmay_temple_entry_hall, serial_shops, shop
Temple:   nicolae_temple_no_exploring_needed

Skill      XL: |  1  2  3  4  5  6  7  8 |
---------------+-------------------------+-----
Poison Magic   | 4 5 6 |  6.8
Unarmed Combat | 1 2 4 |  4.0
Spellcasting   | 3 4 5 |  5.0
Shields        | 1 2 4 |  4.0
Transmutations | 2 3 4 |  4.0
Fighting       | 2 |  2.0
Dodging        | |  2.5
Stealth        | |  2.6

Action                   |  1- 3 |  4- 6 |  7- 9 || total
-------------------------+-------+-------+-------++-------
Melee: Unarmed           |    28 |    59 |    77 ||   164
       Constrict         |     8 |    16 |    15 ||    39
       Tentacles         |     8 |    16 |    17 ||    41
       Punch             |       |       |     5 ||     5
 Cast: Sting             |    25 |       |     2 ||    27
       Poisonous Vapours |    19 |    54 |    27 ||   100
       Olgreb's Toxic Ra |       |     3 |     8 ||    11
       Ignite Poison     |       |     1 |     8 ||     9
  Use: Scroll            |       |     1 |       ||     1
       Potion            |       |       |     2 ||     2
 Stab: Sleeping          |       |       |     4 ||     4
Armor: Skin              |     4 |     9 |     4 ||    17
Dodge: Dodged            |    22 |    31 |    36 ||    89
Block: Buckler           |       |     5 |    26 ||    31

Table legend: (Time is in decaauts)
 A = Elapsed time spent in this place.
 B = Non-inter-level travel time spent in this place.
 C = Inter-level travel time spent in this place.
 D = Time resting spent in this place.
 E = Time spent auto-exploring this place.
 F = Levels seen in this place.
 G = Mean time per level.
                   A        B        C        D        E       F      G
               +--------+--------+--------+--------+--------+-----+--------+
         Total |   8041 |   7783 |    258 |   3644 |   2859 |   7 | 1148.7 |
       Dungeon |   7955 |   7697 |    258 |   3573 |   2859 |   6 | 1325.8 |
        Temple |     86 |     86 |      0 |     71 |      0 |   1 |   86.0 |
               +--------+--------+--------+--------+--------+-----+--------+

Top non-repeatable levels by time:
     D:2: 1932 daAuts
     D:1: 1567 daAuts
     D:4: 1465 daAuts
     D:5: 1302 daAuts
     D:6: 851 daAuts
     D:3: 835 daAuts
  Temple: 86 daAuts
